 Dungeon Crawl Stone Soup version 0.32-a0-520-g344ed53f66 (webtiles) character file.

Game seed: 16025095355102501120

11 runemasterragnar the Vexing (level 2, -2/21 HPs)
             Began as a Coglin Hexslinger on Feb 27, 2024.
             Slain by a gnoll
             ... wielding a +0 spear
              (10 damage)
             ... on level 1 of the Dungeon.
             The game lasted 00:00:55 (202 turns).

runemasterragnar the Vexing (Coglin Hexslinger)      Turns: 202, Time: 00:00:56

Health: -2/21      AC:  2    Str:  8    XL:     2   Next: 29%
Magic:  3/3        EV: 12    Int: 12    God:
Gold:   40         SH:  0    Dex: 16    Spells: 3/3 levels left

rFire   . . .        a - +1 sling {Eunwoo}
rCold   . . .        (no shield)
rNeg    . . .        c - +0 robe
rPois   .            (no helmet)
rElec   .            (no cloak)
rCorr   .            (no gloves)
SInv    .            (no boots)
Will    .....        (no amulet)
Stlth   +            (ring unavailable)
HPRegen 0.23/turn    (ring unavailable)
MPRegen 0.08/turn

%: no passive effects
@: revved
A: off-hand wielding, slow wielding, warmup strikes, no rings
a: no special abilities


You were on level 1 of the Dungeon.
You visited 1 branch of the dungeon, and saw 1 of its levels.

You collected 40 gold pieces.

Inventory:

Hand Weapons
 a - a +1 sling (weapon) {Eunwoo}
Armour
 c - a +0 robe (worn)
Scrolls
 b - a scroll of poison
 d - a scroll of enchant armour {unknown}
 e - a scroll of acquirement {unknown}


   Skills:
 + Level 1.5 Fighting
 * Level 2.3 Ranged Weapons
 - Level 1.7 Dodging
 - Level 1.0 Spellcasting
 - Level 2.6 Hexes
 - Level 0.8 Fire Magic


You had 3 spell levels left.
You didn't know any spells.
Your spell library contained the following spells:

 Spells                   Type           Power      Damage    Failure   Level
 Jinxbite                 Hex            14%        N/A       16%         2
 Sigil of Binding         Hex            7%         N/A       30%         3
 Inner Flame              Hex/Fire       4%         N/A       41%         3
 Volatile Blastmotes      Fire/Tloc      2%         2d10      58%         3
 Cause Fear               Hex            3%         N/A       69%         4
 Dimensional Bullseye     Hex/Tloc       1%         N/A       86%         4
 Fulminant Prism          Conj/Alch      0%         3d5       96%         4
 Iskenderun's Mystic Bla  Conj/Tloc      0%         2d3       96%         4
 Fireball                 Conj/Fire      0%         3d3       100%        5
 Dragon's Call            Summ           0%         N/A       100%        9


Dungeon Overview and Level Annotations

Branches:
Dungeon (1/15)

Altars:


Innate Abilities, Weirdness & Mutations

You can wield a second weapon in your off-hand.
It takes a long time for you to wield or remove held weapons.
Your first few attacks do less damage.
Your grasper-arms cannot wear rings.


Message History

The gnoll is severely wounded.
The giant cockroach barely misses you.
The gnoll hits you from afar with a +0 spear.
The giant cockroach closely misses you.
You shoot a sling bullet.
The sling bullet hits the giant cockroach.
You kill the giant cockroach!
The gnoll barely misses you.
You shoot a sling bullet.
The sling bullet hits the gnoll but does no damage.
The gnoll is severely wounded.
The gnoll misses you.
The gnoll hits you from afar with a +0 spear.
You shoot a sling bullet.
The sling bullet barely misses the gnoll.
The gnoll hits you from afar with a +0 spear.
You are too injured to fight recklessly!
You are too injured to fight recklessly!
You are too injured to fight recklessly!
You are too injured to fight recklessly!
Fire: a) +1 sling {Eunwoo}
Press: ? - help, Q - select action Shift-Dir - straight line, f/p - gnoll
Aim: a gnoll, wielding a +0 spear (severely wounded, 63% to hit)
You shoot a sling bullet.
The sling bullet barely misses the gnoll.
The gnoll closely misses you.
Fire: a) +1 sling {Eunwoo}
Press: ? - help, Q - select action Shift-Dir - straight line, f/p - gnoll
Aim: a gnoll, wielding a +0 spear (severely wounded, 63% to hit)
You shoot a sling bullet.
The sling bullet hits the gnoll but does no damage.
The gnoll is severely wounded.
The gnoll hits you from afar with a +0 spear.
Fire: a) +1 sling {Eunwoo}
Press: ? - help, Q - select action Shift-Dir - straight line, f/p - gnoll
Aim: a gnoll, wielding a +0 spear (severely wounded, 63% to hit)
You shoot a sling bullet.
The sling bullet barely misses the gnoll.
The gnoll hits you from afar with a +0 spear!
You die...

.###.####..##
#.##.# .# #.
#....###.##.###
.# #.
#..#)..†......#
.#
#..##..........#
.# #..
#..........# ..
...# #..........#
.. .##.
##..........# ..
.
....(..........#
..
...###.....@....#
#. #..........#
.. #####.g#####
#.. .... ...
#..... .#. #.....
.. #..... #..
....... ...


You could see a gnoll.

Vanquished Creatures
  4 bats (D:1)
  A giant cockroach (D:1)
  A goblin (D:1)
  A hobgoblin (D:1)
  A ball python (D:1)
  2 frilled lizards (D:1)
  A kobold (D:1)
  A rat (D:1)
12 creatures vanquished.

Notes
Turn   | Place    | Note
-------+----------+-------------------------------------------
     0 | D:1      | runemasterragnar the Coglin Hexslinger began the quest for
                  | the Orb.
     0 | D:1      | Reached XP level 1. HP: 15/15 MP: 2/2
   148 | D:1      | Reached XP level 2. HP: 21/21 MP: 3/3
   202 | D:1      | Slain by a gnoll

Illustrated notes

Levels and vault maps discovered:
D:1:      lightli_arrival_statue_moat, layout_rooms, serial_bayou_pond_e,
          columned_hall_lemuel, minmay_pentomino_z2

Skill      XL: |  1 |
---------------+----+-----
Ranged Weapons | 2 |  2.3
Fighting       | |  1.5
Dodging        | |  1.7
Spellcasting   | |  1.0
Hexes          | |  2.6
Fire Magic     | |  0.8

Action                     || total
---------------------------++-------
   Fire: Sling             ||    44
 Armour: Robe              ||     9
  Dodge: Dodged            ||    27

Table legend: (Time is in decaauts)
 A = Elapsed time spent in this place.
 B = Non-inter-level travel time spent in this place.
 C = Inter-level travel time spent in this place.
 D = Time resting spent in this place.
 E = Time spent auto-exploring this place.
 F = Levels seen in this place.
 G = Mean time per level.
                   A        B        C        D        E       F      G
               +--------+--------+--------+--------+--------+-----+--------+
         Total |    214 |    214 |      0 |      0 |    132 |   1 |  214.0 |
       Dungeon |    214 |    214 |      0 |      0 |    132 |   1 |  214.0 |
               +--------+--------+--------+--------+--------+-----+--------+

Top non-repeatable levels by time:
     D:1: 214 daAuts
